 Dungeon Crawl Stone Soup version 0.29.1 (webtiles) character file.

Game seed: 11730985474823861705

2393 concernfroge the Fighter (level 9, -12/78 HPs)
             Began as a Mummy Monk on Sept 13, 2022.
             Was an Initiate of Gozag.
             Mangled by a large slime creature (29 damage)
             ... on level 7 of the Dungeon.
             The game lasted 00:17:31 (7545 turns).

concernfroge the Fighter (Mummy Monk)               Turns: 7545, Time: 00:17:31

Health: -12/78     AC:  9    Str: 18    XL:     9   Next: 22%
Magic:  9/9        EV:  7    Int: 10    God:    Gozag
Gold:   105        SH:  0    Dex: 14    Spells: 8/8 levels left

rFire   . . .      SeeInvis +   c - +2 spear (flame)
rCold   + + .      Faith    .   (no shield)
rNeg    + + +      Spirit   .   p - +0 chain mail
rPois   ∞          Reflect  .   (no helmet)
rElec   +          Harm     .   (no cloak)
rCorr   +          Rampage  .   q - +0 pair of gloves
Will    +....                   (no boots)
Stlth   ..........              m - amulet of magic regeneration
HPRegen 0.23/turn               g - ring of see invisible
MPRegen 0.51/turn               (no ring)

@: resistant (expiring)
A: cold resistance 1, negative energy resistance 3, torment resistance 2, heat
vulnerability 1, in touch with death 1, no potions
a: Renounce Religion, Potion Petition, Call Merchant, Bribe Branch


You were on level 7 of the Dungeon.
You worshipped Gozag.
Gozag was aware of your devotion.
You visited 2 branches of the dungeon, and saw 8 of its levels.

You collected 561 gold pieces.
You paid 456 gold pieces to Gozag.

Inventory:

Hand Weapons
 b - a +0 scythe
 c - a +2 spear of flaming (weapon)
 t - the +10 rapier "Masyczi" {flame, rPois rCorr}
   (You found it on level 7 of the Dungeon)

   It burns those it strikes, dealing additional fire damage.
   rPois:     It protects you from poison.
   rCorr:     It protects you from acid and corrosion.
Missiles
 r - 7 poisoned darts (quivered)
 s - a silver boomerang
Armour
 p - a +0 chain mail (worn)
 q - a +0 pair of gloves (worn)
Jewellery
 g - a ring of see invisible (left hand)
 m - an amulet of magic regeneration (around neck)
Wands
 e - a wand of mindburst (4)
 j - a wand of acid (11)
 o - a wand of digging (6)
Scrolls
 a - 2 scrolls of enchant armour
 d - 2 scrolls of poison
 f - 2 scrolls of teleportation
 h - a scroll of identify
 i - a scroll of butterflies
 k - a scroll of blinking
 l - 2 scrolls of immolation
 n - a scroll of enchant weapon {unknown}


   Skills:
 - Level 10.0 Fighting
 + Level 7.2 Polearms
 - Level 2.4 Dodging
 - Level 1.5 Stealth


You had 8 spell levels left.
You didn't know any spells.
Your spell library contained the following spells:

 Spells                   Type           Power      Damage    Failure   Level
 Freeze                   Ice            0%         1d3       99%         1
 Magic Dart               Conj           0%         1d3       99%         1
 Sting                    Tmut/Pois      0%         1d3       99%         1
 Blink                    Tloc           0%         N/A       100%        2
 Poisonous Vapours        Pois/Air       0%         N/A       100%        2
 Searing Ray              Conj           0%         2d4       100%        2
 Frozen Ramparts          Ice            0%         1d1       100%        3
 Lesser Beckoning         Tloc           0%         N/A       100%        3
 Portal Projectile        Hex/Tloc       0%         N/A       100%        3
 Tukima's Dance           Hex            0%         N/A       100%        3
 Fulminant Prism          Conj/Hex       0%         3d6       100%        4
 Hailstorm                Conj/Ice       0%         3d3       100%        4
 Olgreb's Toxic Radiance  Pois           0%         N/A       100%        4
 Summon Ice Beast         Ice/Summ       0%         N/A       100%        4
 Manifold Assault         Tloc           0%         N/A       100%        5
 Summon Mana Viper        Hex/Summ       0%         N/A       100%        5
 Monstrous Menagerie      Summ           0%         N/A       100%        7
 Blade Hands              Tmut           Unusable   N/A       N/A         5

Dungeon Overview and Level Annotations

Branches:
Dungeon (7/15)             Temple (1/1) D:7

Altars:
Ashenzari
Cheibriados
Dithmenos
Fedhas
Gozag
Hepliaklqana
Kikubaaqudgha
Makhleb
Okawaru
Qazlal
Sif Muna
Trog
Vehumet
Wu Jian
Xom

Shops:
D:3 !

Annotations:
D:7 1 transporter


Innate Abilities, Weirdness & Mutations

You are immune to poison.
Your flesh is cold resistant. (rC+)
You are immune to negative energy. (rN+++)
You are immune to unholy pain and torment.
You are vulnerable to heat. (rF-)
You are in touch with the powers of death.
You do not drink.


Message History

You swap places.
The large slime creature hits your butterfly.
Your butterfly dies!
Your butterfly disappears in a burst of colours!
Reach: c) +2 spear (flame)
Press: ? - help, Dir - move target, f/p - large slime creature
Aim: a large slime creature (heavily wounded, ally target, about 14% to evade your +2 spear of flaming)
You reach to attack!
You barely miss the large slime creature.
The large slime creature is heavily wounded.
You start to feel less resistant.
The large slime creature hits your butterfly!!!
Your butterfly dies!
Your butterfly disappears in a burst of colours!
Reach: c) +2 spear (flame)
Press: ? - help, Dir - move target, f/p - large slime creature
Aim: a large slime creature (heavily wounded, ally target, about 14% to evade your +2 spear of flaming)
You reach to attack!
You completely miss the large slime creature.
The large slime creature is heavily wounded.
The large slime creature misses your butterfly.
Reach: c) +2 spear (flame)
Press: ? - help, Dir - move target, f/p - large slime creature
Aim: a large slime creature (heavily wounded, ally target, about 14% to evade your +2 spear of flaming)
You reach to attack!
You hit the large slime creature but do no damage.
The large slime creature is heavily wounded.
Okay, then.
The shadow strikes at your butterfly from the darkness!
Your butterfly dies!
Your butterfly disappears in a burst of colours!
You swap places.
The large slime creature closely misses you.
The shadow strikes at your butterfly from the darkness!
Your butterfly dies!
Your butterfly disappears in a burst of colours!
The large slime creature attacks as you move away!
The large slime creature hits you!!
You die...
Your body crumbles into a pile of gold.

###...8.>.8..)##.#.#####.# ##..##
.........[...####.#.#©#.#.# ##.##
......#.8[#..#.#.#.#.#.#.#.# #.##
.........###.##l#.#.#.#.#.#.##.##
.............#.#.#.#...#.#.#o#.##
.........##..##.#.###.###.#.##...
........).....##)#.#### #o##..##
.......####...#.#...# #h#....
......<####...##@#.#### #W##....
.............##.#J###.###g#o##...
.......#####.#©#b#.#b$W#.#.#.#...
...........>.#b....W#.#......#.##
.......#####.####b#######'####.##
.......# #..#8...#.©.#[.[8#....
.......# ##.##...#...#J.)##.#.#
.......# #..#####♣.♣#####..#.#
.......# ##...............#..#


You could see a large slime creature (ally target) and a shadow (invisible).

Vanquished Creatures
  Sigmund (D:3)
  2 wyverns (D:7)
  2 black bears
  An ogre (D:6)
  2 centaurs
  2 phantoms (D:5)
  A kobold brigand (D:6)
  5 necrophages
  4 scorpions (D:5)
  5 orc priests
  A gnoll bouda (D:5)
  2 hounds (D:6)
  A jelly (D:5)
  2 iguanas (D:6)
  2 orc wizards (D:7)
  9 gnolls
  9 adders
  A shadow imp (D:5)
  2 ufetubi
  A worm (D:5)
  2 dart slugs
  26 orcs
  5 endoplasms
  3 giant cockroaches
  5 goblins
  2 hobgoblins (D:4)
  3 quokkas
  6 ball pythons
  A bat (D:1)
  2 frilled lizards
  10 kobolds
  4 rats
124 creatures vanquished.

Vanquished Creatures (collateral kills)
  A yak (D:5)
  An orc (D:5)
2 creatures vanquished.

Grand Total: 126 creatures vanquished

Notes
Turn   | Place    | Note
-------+----------+-------------------------------------------
     0 | D:1      | concernfroge the Mummy Monk began the quest for the Orb.
     0 | D:1      | Reached XP level 1. HP: 18/18 MP: 1/1
   301 | D:1      | Found a faded altar of an unknown god.
   348 | D:1      | Reached XP level 2. HP: 17/24 MP: 2/2
  1092 | D:2      | Noticed a necrophage
  1138 | D:3      | Reached skill level 4 in Fighting
  1217 | D:3      | Gained mutation: You are in touch with the powers of death.
                  | [Mummy growth]
  1217 | D:3      | Reached XP level 3. HP: 30/30 MP: 3/3
  1307 | D:3      | Found Oveggiun's Distillery.
  1493 | D:3      | Noticed Sigmund
  1535 | D:3      | Killed Sigmund
  1536 | D:3      | Reached skill level 6 in Fighting
  1536 | D:3      | Reached XP level 4. HP: 5/40 MP: 4/4
  1536 | D:3      | Reached XP level 5. HP: 6/46 MP: 5/5
  2349 | D:4      | Reached skill level 7 in Fighting
  2349 | D:4      | Reached XP level 6. HP: 39/55 MP: 6/6
  2598 | D:4      | Found an iron altar of Okawaru.
  2686 | D:5      | Entered Level 5 of the Dungeon
  2867 | D:5      | Reached skill level 8 in Fighting
  2867 | D:5      | Reached XP level 7. HP: 61/62 MP: 7/7
  3241 | D:5      | Reached skill level 9 in Fighting
  3381 | D:5      | Noticed a yak
  3943 | D:4      | Identified the +8 dagger of Yzai {vorpal, *Rage rF+++ rC+}
  4160 | D:5      | Reached XP level 8. HP: 64/72 MP: 8/8
  4173 | D:5      | Reached skill level 10 in Fighting
  5339 | D:6      | Reached skill level 5 in Polearms
  6239 | D:7      | Found a staircase to the Ecumenical Temple.
  6246 | Temple   | Entered the Ecumenical Temple
  6448 | Temple   | Became a worshipper of Gozag Ym Sagoz the Greedy
  6595 | D:7      | Reached XP level 9. HP: 39/78 MP: 9/9
  6829 | D:7      | Identified the +4 ring mail of Pandemonium {rN+ Regen+
                  | Str+4}
  7342 | D:7      | Found a transporter.
  7487 | D:7      | Found a transporter.
  7510 | D:7      | Identified the +10 rapier "Masyczi" {flame, rPois rCorr}
  7545 | D:7      | Mangled by a large slime creature

Illustrated notes

Levels and vault maps discovered:
D:1:      roderic_octagonal_star, layout_basic, ebering_ecumenical_altar_mist
D:2:      layout_loops_cross
D:3:      layout_basic, serial_shops, shop, minmay_misc_feat_rows,
          amethyst_killhole, minivault_27, kennysheep_cross_room, uniq_sigmund
D:4:      layout_basic, general_overflow_altar
D:5:      minmay_clustersquares, layout_loops_cross
D:6:      layout_basic, hex_intersection
D:7:      gammafunk_the_bubble [the_bubble_gammafunk_grid], layout_rooms,
          minmay_temple_entry_statues_pillars, minmay_misc_feat_pillars
Temple:   eino_temple_scatter_basement

Skill      XL: |  1  2  3  4  5  6  7  8  9 |
---------------+----------------------------+-----
Fighting       | 4 6 7 8 9 10 | 10.0
Polearms       | 6 7 |  7.2
Dodging        | |  2.4
Stealth        | |  1.5

Action                   |  1- 3 |  4- 6 |  7- 9 || total
-------------------------+-------+-------+-------++-------
Melee: Spear             |    95 |    72 |   367 ||   534
       Punch             |       |       |     6 ||     6
Throw: Dart              |       |     2 |     8 ||    10
Invok: Potion Petition   |       |       |     1 ||     1
  Use: Scroll            |     6 |     2 |     5 ||    13
 Stab: Sleeping          |     1 |       |       ||     1
       Distracted        |       |       |     2 ||     2
Armor: Robe              |    12 |       |       ||    12
       Ring mail         |     7 |    12 |    66 ||    85
       Chain mail        |       |       |    46 ||    46
Dodge: Dodged            |    54 |    16 |   145 ||   215
